 Dungeon Crawl Stone Soup version 0.30-a0-1116-gebefce21f7 (webtiles) character file.

Game seed: 587557329354692458

7408 kae the Markskobold (level 11, -1/68 HPs)
             Began as a Kobold Hunter on Apr 21, 2023.
             Was a Follower of Ru.
             Slain by a thrashing horror (14 damage)
             ... on level 3 of the Abyss.
             The game lasted 00:07:57 (9808 turns).

kae the Markskobold (Kobold Hunter)                 Turns: 9808, Time: 00:07:58

Health: -1/68      AC:  3    Str:  3    XL:     11   Next: 36%
Magic:  11/11      EV: 23    Int: 12    God:    Ru [*.....]
Gold:   723        SH:  0    Dex: 25    Spells: 10/10 levels left

rFire   + + .      SeeInvis +    s - +8 arbalest of Skirmishing {elec, rF++ rCorr Str-5 SInv}
rCold   . . .      Faith    .    (shield currently unavailable)
rNeg    + + .      Spirit   .    r - +1 robe of the Abyss {Dex+3}
rPois   .          Reflect  .    (no helmet)
rElec   .          Rampage  .    (no cloak)
rCorr   +                        (no gloves)
Will    .....                    (no boots)
Stlth   +++                      (no amulet)
HPRegen 0.00/turn                N - ring of positive energy
MPRegen 0.12/turn                n - ring of positive energy

@: inhibited regen
A: small, no large weapons, nightstalker 3, hated by all, [inhibited
regeneration], [no potion heal 2]
a: Renounce Religion


You were on level 3 of the Abyss.
You worshipped Ru.
Ru was aware of your devotion.
You visited 2 branches of the dungeon, and saw 10 of its levels.
You visited the Abyss 1 time.
You also visited: Sewer.

You collected 723 gold pieces.


Innate Abilities, Weirdness & Mutations

You are small and have problems with some larger weapons.
You are completely attuned to the shadows.
You are hated by all.
[You do not regenerate when monsters are visible.]
[Potions cannot restore your health.]


   Skills:
 + Level 8.0 Fighting
 - Level 18.0 Ranged Weapons
 + Level 8.7 Dodging
 - Level 1.3 Stealth


You had 10 spell levels left.
You didn't know any spells.
Your spell library contained the following spells:

 Spells                   Type           Power      Damage    Failure   Level
 Apportation              Tloc           0%         N/A       32%         1
 Magic Dart               Conj           0%         1d3       32%         1
 Scorch                   Fire           0%         2d5       45%         2
 Mephitic Cloud           Conj/Pois/Air  0%         N/A       69%         3
 Flame Wave               Conj/Fire      0%         2d4       97%         4
 Alistair's Intoxication  Tmut/Pois      0%         N/A       100%        5
 Call Imp                 Summ           Unusable   N/A       N/A         2
 Summon Cactus Giant      Summ           Unusable   N/A       N/A         6

Inventory:

Hand Weapons
 a - a +1 heavy shortbow
 s - the +8 arbalest of Skirmishing (weapon) {elec, rF++ rCorr Str-5 SInv}
   (You acquired it on level 6 of the Dungeon)

   Str:       It affects your strength (-5).
   rF:        It greatly protects you from fire.
   SInv:      It lets you see invisible.
   rCorr:     It protects you from acid and corrosion.
Missiles
 d - 100 stones
 m - 29 poisoned darts
 p - 8 atropa-tipped darts
 t - 3 boomerangs
 u - 2 throwing nets {=f!f}
Armour
 c - a +0 leather armour
 g - the +1 chain mail of the Pits of Slime {Drain rPois rC+ Int+6}
   (You found it on level 6 of the Dungeon)

   Int:       It affects your intelligence (+6).
   rC:        It protects you from cold.
   rPois:     It protects you from poison.
   Drain:     It drains your maximum health when unequipped.
 h - a +1 troll leather armour {Pargi}
   (You found it in a sewer)
 r - the +1 robe of the Abyss (worn) {Dex+3}
   (You found it in a sewer)

   Dex:       It affects your dexterity (+3).
Jewellery
 n - a ring of positive energy (right hand)
   (You found it on level 6 of the Dungeon)
 N - a ring of positive energy (left hand)
   (You found it on level 2 of the Dungeon)
 P - a ring of poison resistance
   (You found it on level 9 of the Dungeon)
Wands
 j - a wand of polymorph (8)
   (You found it on level 4 of the Dungeon)
 o - a wand of roots (17)
   (You found it on level 4 of the Dungeon)
 C - a wand of mindburst (10)
   (You found it on level 6 of the Dungeon)
 E - a wand of paralysis (10)
   (You found it on level 8 of the Dungeon)
Scrolls
 b - 4 scrolls of immolation {!r!r}
 v - 2 scrolls of teleportation {@r4}
 x - a scroll of fog
 y - a scroll of vulnerability {!r!r}
 z - 3 scrolls of identify {@r1}
 A - 3 scrolls of enchant weapon
Potions
 e - 2 potions of heal wounds {@q2}
 f - 2 potions of berserk rage {!q}
 i - 10 potions of curing {@q1}
 k - 2 potions of resistance
 l - 2 potions of flight
 q - a potion of attraction {!q}
 w - a potion of haste {unknown}
 B - 4 potions of mutation {unknown}
 D - a potion of invisibility
 F - a potion of might

Dungeon Overview and Level Annotations

Branches:
Dungeon (9/15) Zot: 25440  Temple (1/1) D:4 Zot: 5757     Orc (0/2) D:9
  Sewer (visited)
   Lair: D:8-11

Altars:
Ashenzari
Cheibriados
Dithmenos
Elyvilon
Gozag
Kikubaaqudgha
Makhleb
Nemelex Xobeh
Okawaru
Qazlal
Ru
Sif Muna
Trog
Uskayaw
Vehumet
Wu Jian
Xom
Zin
The Shining One

Annotations:
D:4 Ijyb, Pikel
D:8 2 runed translucent doors, exclusion: orange crystal statue

# ..
#####..#
###..#.....
# # ##.X.#
.. # .#@#.
.
###...#○##
. #.#.##
..# #.
.#.#.# .#.
.# .. #.# #
#. # # .
.#..#.# ..
.## .. . #
. .. #.. #


You could see a thrashing horror.


Message History

Your Dodging skill increases to level 8!
No target in view!
A wizard comes into view. It is wielding a +0 dagger.
The wizard points at you and mumbles some strange words.
You are cast into the Abyss!
This branch contains the abyssal rune of Zot.
No target in view!
No target in view!
No target in view!
Unknown command.
You are suddenly pulled into a different region of the Abyss!
Found a corrupted altar of Lugonu.
A chaos spawn comes into view.
Unknown command.
A chaos spawn is nearby!
You shoot a bolt. The chaos spawn's pages rustle loudly.
The bolt hits the chaos spawn!!
You shoot a bolt. The bolt hits the chaos spawn!
You shoot a bolt.
The bolt completely misses the chaos spawn.
You shoot a bolt. The bolt hits the chaos spawn!!
Lightning courses through the chaos spawn!
You kill the chaos spawn!
The chaos spawn degenerates into a cloud of primal chaos!
Key pressed, stopping explore.
A wretched star comes into view.
You shoot a bolt. The bolt hits the wretched star.
The wretched star pulses with an eldritch light!
Your regeneration stops near monsters.
Your system partially rejects the healing effects of potions.
Your system completely rejects the healing effects of potions.
You shoot a bolt.
The bolt barely misses the wretched star.
You shoot a bolt. The bolt hits the wretched star!
The wretched star glows turbulently.
The lance of force misses you.
You shoot a bolt. The bolt hits the wretched star!!!
You shoot a bolt. The bolt hits the wretched star!
A small abomination comes into view.
The small abomination moves out of view.
You shoot a bolt. The bolt hits the wretched star.
You shoot a bolt. The bolt hits the wretched star!
The small abomination hits you!!
The wretched star glows turbulently.
The lance of force hits you!!
* * * LOW HITPOINT WARNING * * *
You are knocked back by the lance of force.
You collide with the small abomination!
* * * LOW HITPOINT WARNING * * *
The small abomination misses you. 😱 HP[-55]
You take 55 damage, and now have 12/67 hp.
MASSIVE DAMAGE!! (PAUSE) Fire: s) +8 arbalest of Skirmishing {elec, rF++ rCorr Str-5 SInv}
Press: ? - help, Q - select action, (/) - cycle Shift-Dir - straight line, f/p - wretched star
Aim: a wretched star (almost destroyed, 76% to hit)
You shoot a bolt. The bolt hits the wretched star.
You destroy the wretched star!
The small abomination closely misses you.
You now have 68 max hp (+1).
Fire: s) +8 arbalest of Skirmishing {elec, rF++ rCorr Str-5 SInv}
Press: ? - help, Q - select action, (/) - cycle Shift-Dir - straight line, f - small abomination
Aim: a small abomination (moderately damaged, 80% to hit)
You shoot a bolt. The bolt hits the small abomination!!
You destroy the small abomination!
A stone giant simulacrum comes into view. 😱 HP[+1]
A stone giant simulacrum is nearby!
A stone giant simulacrum is nearby!
Fire: s) +8 arbalest of Skirmishing {elec, rF++ rCorr Str-5 SInv}
Press: ? - help, Q - select action, (/) - cycle Shift-Dir - straight line, f - stone giant simulacrum
Aim: a stone giant simulacrum (98% to hit)
You shoot a bolt.
The bolt hits the stone giant simulacrum.
Lightning courses through the stone giant simulacrum!!
A thrashing horror comes into view.
Fire: s) +8 arbalest of Skirmishing {elec, rF++ rCorr Str-5 SInv}
Press: ? - help, Q - select action, (/) - cycle Shift-Dir - straight line, f/p - stone giant simulacrum
Aim: a stone giant simulacrum (heavily damaged, 98% to hit)
You shoot a bolt. The thrashing horror roars!
The bolt hits the stone giant simulacrum!
The stone giant simulacrum completely misses you.
Fire: s) +8 arbalest of Skirmishing {elec, rF++ rCorr Str-5 SInv}
Press: ? - help, Q - select action, (/) - cycle Shift-Dir - straight line, f/p - stone giant simulacrum
Aim: a stone giant simulacrum (almost destroyed, 98% to hit)
You shoot a bolt.
The bolt hits the stone giant simulacrum.
Lightning courses through the stone giant simulacrum!
The thrashing horror misses you.
The thrashing horror closely misses you.
The thrashing horror barely misses you. x2
Your Fighting skill increases to level 8!
Fire: s) +8 arbalest of Skirmishing {elec, rF++ rCorr Str-5 SInv}
Press: ? - help, Q - select action, (/) - cycle Shift-Dir - straight line, f - thrashing horror
Aim: a thrashing horror (76% to hit)
You shoot a bolt. The bolt hits the thrashing horror.
The thrashing horror tramples you!
You die...

Skill      XL: |  1  2  3  4  5  6  7  8  9 10 11 |
---------------+----------------------------------+-----
Ranged Weapons | 6 7 8 10 11 14 16 18 | 18.0
Dodging        | 4 6 8 |  8.7
Fighting       | 3 6 8 |  8.0
Stealth        | |  1.3

Action                     |  1- 3 |  4- 6 |  7- 9 | 10-12 || total
---------------------------+-------+-------+-------+-------++-------
   Fire: Shortbow          |    36 |   123 |   167 |       ||   326
         Arbalest          |       |       |    25 |   131 ||   156
 Invoke: Sacrifice Love    |       |       |       |     1 ||     1
    Use: Scroll            |     2 |     9 |     9 |     1 ||    21
         Potion            |       |       |     3 |       ||     3
 Armour: Leather armour    |     2 |     7 |    10 |       ||    19
         Robe              |       |       |    12 |     4 ||    16
  Dodge: Dodged            |     4 |    47 |   114 |    61 ||   226

Levels and vault maps discovered:
D:1:      dpeg_arrival_rhombus, layout_rooms, minmay_strange_pillars
D:2:      layout_basic, uniq_jessica
D:3:      layout_loops_ring, nicolae_overflow_ecumenical_swirl,
          nicolae_hexahallways
D:4:      layout_cave_pools, lemuel_crystal_altar,
          minmay_temple_entry_mini_moons, ebering_ghost_rock_garden, uniq_pikel,
          uniq_crazy_yiuf_cottage, uniq_ijyb
D:5:      layout_gridville, mainiacjoe_overflow_24_doors, portal_sewer_entry_e,
          uniq_eustachio
D:6:      layout_loops_ring, nicolae_overflow_crystal_walls,
          minmay_misc_feat_roman, minmay_pentangle
D:7:      layout_basic, amcnicky_altar_gilded, gammafunk_temple_overflow_statue,
          mainiacjoe_overflow_small_starburst,
          mainiacjoe_overflow_six_doors_small
D:8:      layout_loops_corners, chequers_guarded_unrand_ignorance
D:9:      layout_stronghold, nicolae_wu_jian_wuxing_cycle,
          lightli_temple_of_fire, kennysheep_orc_monster_closet_entryway,
          laboratory, uniq_psyche
Temple:   minmay_temple_curvy_loop
Abyss:3:  base:
D:7

Notes
Turn   | Place    | Note
-------+----------+-------------------------------------------
     0 | D:1      | kae the Kobold Hunter began the quest for the Orb.
     0 | D:1      | Reached XP level 1. HP: 12/12 MP: 1/1
     0 | D:1      | magus.rc [v1.11.3]
    14 | D:1      | You pick up a book of Party Tricks and begin reading...
    14 | D:1      | You add the spells Apportation and Alistair's Intoxication
                  | to your library.
    65 | D:1      | Reached XP level 2. HP: 17/17 MP: 2/2
   201 | D:1      | Reached skill level 6 in Ranged Weapons
   628 | D:2      | Reached XP level 3. HP: 21/21 MP: 3/3
   697 | D:2      | Noticed Jessica
   701 | D:2      | Killed Jessica
   702 | D:2      | Reached skill level 7 in Ranged Weapons
   843 | D:2      | Reached XP level 4. HP: 26/26 MP: 4/4
  1314 | D:3      | Noticed an ogre
  1517 | D:3      | Reached skill level 8 in Ranged Weapons
  1517 | D:3      | Reached XP level 5. HP: 19/30 MP: 5/5
  1651 | D:3      | Killed an ogre
  1652 | D:3      | Reached XP level 6. HP: 11/35 MP: 6/6
  1758 | D:3      | Found a faded altar of an unknown god.
  1759 | D:3      | Found a glowing golden altar of the Shining One.
  1892 | D:3      | Reached skill level 9 in Ranged Weapons
  2619 | D:4      | Noticed Ijyb
  2619 | D:4      | Noticed Pikel
  2914 | D:4      | Found a staircase to the Ecumenical Temple.
  2937 | D:4      | Found a hazy altar of Hepliaklqana.
  3031 | D:4      | Reached skill level 10 in Ranged Weapons
  3105 | Temple   | Entered the Ecumenical Temple
  3362 | D:5      | Entered Level 5 of the Dungeon
  3415 | D:5      | Found a basalt altar of Yredelemnul.
  3476 | D:5      | Reached XP level 7. HP: 40/40 MP: 7/7
  3595 | D:5      | Noticed Eustachio
  3607 | D:5      | Killed Eustachio
  3608 | D:5      | Reached skill level 11 in Ranged Weapons
  3619 | D:5      | Found a glowing drain.
  3624 | Sewer    | Entered a sewer
  3741 | Sewer    | Noticed Pargi
  3744 | Sewer    | Killed Pargi
  3752 | Sewer    | Identified the +1 robe of the Abyss {Dex+3}
  3990 | D:5      | You pick up a book of Minor Magic and begin reading...
  3990 | D:5      | You add the spells Magic Dart, Call Imp and Mephitic Cloud
                  | to your library.
  4078 | D:5      | Reached XP level 8. HP: 44/44 MP: 8/8
  4204 | D:5      | Reached skill level 12 in Ranged Weapons
  4910 | D:6      | Reached skill level 13 in Ranged Weapons
  5058 | D:6      | Reached skill level 14 in Ranged Weapons
  5093 | D:6      | Reached XP level 9. HP: 48/48 MP: 9/9
  5236 | D:6      | Found an ancient bone altar of Kikubaaqudgha.
  5515 | D:6      | Reached skill level 15 in Ranged Weapons
  5584 | D:6      | Identified the +1 chain mail of the Pits of Slime {Drain
                  | rPois rC+ Int+6}
  5657 | D:6      | HP: 8/48 [ogre/+0 giant club (21)]
  5839 | D:6      | Reached skill level 16 in Ranged Weapons
  5957 | D:6      | Identified a scroll of acquirement
  5957 | D:6      | Acquired the +8 arbalest of Skirmishing {elec, rF++ rCorr
                  | Str-5 SInv}
  6220 | D:7      | Reached skill level 3 in Dodging
  6246 | D:7      | Reached skill level 3 in Fighting
  6247 | D:7      | Found a radiant altar of Vehumet.
  6330 | D:7      | Found a white marble altar of Elyvilon.
  6409 | D:7      | Found an iron altar of Okawaru.
  6576 | D:7      | Found a shadowy altar of Dithmenos.
  6577 | D:7      | Found a sacrificial altar of Ru.
  7041 | D:7      | Became a worshipper of Ru the Awakened
  7150 | D:8      | Reached skill level 4 in Dodging
  7150 | D:8      | Reached XP level 10. HP: 43/56 MP: 10/10
  7339 | D:8      | Reached skill level 4 in Fighting
  7718 | D:8      | Found a runed translucent door.
  7824 | D:8      | You pick up a book of Scorching and begin reading...
  7824 | D:8      | You add the spells Scorch, Flame Wave and Summon Cactus
                  | Giant to your library.
  7841 | D:8      | Found a runed translucent door.
  7841 | D:8      | Noticed an orange crystal statue
  8192 | D:9      | Reached skill level 17 in Ranged Weapons
  8192 | D:9      | Reached skill level 5 in Dodging
  8264 | D:9      | Reached skill level 5 in Fighting
  8380 | D:9      | Noticed Psyche
  8387 | D:9      | Killed Psyche
  8388 | D:9      | Reached skill level 6 in Dodging
  8427 | D:9      | Gained mutation: You are hated by all. [Ru sacrifice]
  8427 | D:9      | Reached * piety under Ru
  8547 | D:9      | Found an ornate altar of the Wu Jian Council.
  8890 | D:9      | Found a staircase to the Orcish Mines.
  8897 | D:9      | Reached skill level 18 in Ranged Weapons
  8899 | D:9      | Reached skill level 6 in Fighting
  8908 | D:9      | Reached XP level 11. HP: 24/64 MP: 11/11
  8914 | D:9      | HP: 16/64 [poisoned by a gnoll]
  9107 | D:9      | Reached skill level 7 in Dodging
  9377 | D:9      | Reached skill level 7 in Fighting
  9385 | D:9      | HP: 15/67 [poisoned by a killer bee]
  9390 | D:9      | HP: 11/67 [poisoned by a killer bee]
  9630 | D:9      | Found a burning altar of Makhleb.
  9653 | D:9      | Reached skill level 8 in Dodging
  9653 | D:9      | Noticed a wizard
  9653 | D:9      | You are cast into the Abyss!
  9653 | Abyss:3  | Cast into level 3 of the Abyss (a wizard)
  9690 | Abyss:3  | Found a corrupted altar of Lugonu.
  9791 | Abyss:3  | Noticed a wretched star
  9798 | Abyss:3  | HP: 12/67 [small abomination collision (15)]
  9799 | Abyss:3  | Killed a wretched star
  9805 | Abyss:3  | Noticed a thrashing horror
  9808 | Abyss:3  | Reached skill level 8 in Fighting
  9808 | Abyss:3  | Slain by a thrashing horror

Vanquished Creatures
  A wretched star (Abyss:3)
  Psyche (D:9)
  2 trolls (D:9)
  A stone giant simulacrum (Abyss:3)
  A wraith (D:6)
  Eustachio (D:5)
  4 yaks (D:9)
  A chaos spawn (Abyss:3)
  A steam dragon (D:8)
  2 water moccasins
  4 orc warriors (D:9)
  Pargi (Sewer)
  A black bear (D:6)
  A sky beast (D:8)
  7 ogres
  4 centaurs
  3 phantoms
  A small abomination (Abyss:3)
  2 lemures
  2 kobold brigands (D:9)
  5 bullfrogs
  2 gnoll sergeants (D:9)
  3 scorpions
  10 wights
  11 killer bees (D:9)
  3 howler monkeys (D:9)
  A lava snake (D:9)
  4 orc priests
  2 hounds (D:6)
  3 jellies
  Jessica (D:2)
  4 sleepcaps
  2 iguanas (D:5)
  6 orc wizards
  18 gnolls
  6 adders
  2 white imps
  2 ufetubi (D:6)
  A worm (D:3)
  A dart slug (D:3)
  20 orcs
  15 bats
  4 endoplasms
  10 goblins
  3 hobgoblins (D:1)
  9 ball pythons
  A frilled lizard (D:1)
  3 kobolds
  9 rats
202 creatures vanquished.

Table legend:
 A = Non-vault XP
 B = Vault XP
 C = Vault XP percentage of total XP
 D = Non-vault monster count
 E = Vault monster count
 F = Vault count percentage of total count
                 A         B        C        D         E       F
            +---------+---------+-------+---------+---------+-------
      Total |    7455 |    3128 |  29.6 |     158 |      42 |  21.0
            +---------+---------+-------+---------+---------+-------
        D:1 |      28 |       0 |   0.0 |      17 |       0 |   0.0
        D:2 |      26 |      37 |  58.7 |      12 |       1 |   7.7
        D:3 |     233 |       0 |   0.0 |      25 |       0 |   0.0
        D:4 |     151 |       0 |   0.0 |       3 |       0 |   0.0
        D:5 |     448 |     196 |  30.4 |      22 |       1 |   4.3
        D:6 |    1172 |     692 |  37.1 |      24 |       9 |  27.3
        D:7 |     453 |       0 |   0.0 |      11 |       0 |   0.0
        D:8 |     906 |       0 |   0.0 |      10 |       0 |   0.0
        D:9 |    2775 |    2060 |  42.6 |      30 |      21 |  41.2
    Abyss:3 |    1263 |       0 |   0.0 |       4 |       0 |   0.0
      Sewer |       0 |     143 | 100.0 |       0 |      10 | 100.0
            +---------+---------+-------+---------+---------+-------

Illustrated notes

Table legend:
 A = Kills in this place as a percentage of kills in the entire game.
 B = Kills by you in this place as a percentage of kills by you in the entire game.
 C = Kills by friends in this place as a percentage of kills by friends in the entire game.
 D = Other kills in this place as a percentage of other kills in the entire game.
 E = Experience gained in this place as a percentage of experience gained in the entire game.
 F = Experience gained in this place divided by the number of levels of this place that you have seen.
                   A       B       C       D       E      F
               +-------+-------+-------+-------+-------+----------------------
         Total | 100.0 | 100.0 |   N/A |   N/A | 100.0 | 881.9
       Dungeon |  93.0 |  93.0 |   N/A |   N/A |  86.7 | 1019.7
         Abyss |   2.0 |   2.0 |   N/A |   N/A |  11.9 | 1263.0
         Sewer |   5.0 |   5.0 |   N/A |   N/A |   1.4 | 143.0
               +-------+-------+-------+-------+-------+----------------------

Table legend: (Time is in decaauts)
 A = Elapsed time spent in this place.
 B = Non-inter-level travel time spent in this place.
 C = Inter-level travel time spent in this place.
 D = Time resting spent in this place.
 E = Time spent auto-exploring this place.
 F = Levels seen in this place.
 G = Mean time per level.
                   A        B        C        D        E       F      G
               +--------+--------+--------+--------+--------+-----+--------+
         Total |   9904 |   9586 |    318 |    357 |   8050 |  12 |  825.3 |
       Dungeon |   9286 |   8974 |    312 |    357 |   7556 |   9 | 1031.8 |
        Temple |    242 |    237 |      5 |      0 |    233 |   1 |  242.0 |
         Abyss |    154 |    154 |      0 |      0 |    134 |   1 |  154.0 |
         Sewer |    221 |    221 |      0 |      0 |    127 |   1 |  221.0 |
               +--------+--------+--------+--------+--------+-----+--------+

Top non-repeatable levels by time:
     D:9: 1407 daAuts
     D:3: 1332 daAuts
     D:5: 1277 daAuts
     D:6: 1203 daAuts
     D:8: 1198 daAuts
     D:7: 1052 daAuts
     D:2: 816 daAuts
     D:1: 598 daAuts
     D:4: 400 daAuts
  Temple: 242 daAuts
   Sewer: 221 daAuts
 Abyss:3: 154 daAuts
